 Dungeon Crawl Stone Soup version 0.30-a0-359-gd0147acb1a (webtiles) character file.

Game seed: 11617215154499134496

1178 Nodens the Slasher (level 8, -2/58 HPs)
             Began as a Djinni Gladiator on Nov 11, 2022.
             Was a Believer of Wu Jian.
             Slain by baljet's ghost (10 damage)
             ... on level 4 of the Dungeon.
             The game lasted 00:19:49 (3960 turns).

Nodens the Slasher (Djinni Gladiator)               Turns: 3960, Time: 00:19:50

Health: -2/58      AC:  4    Str: 15 (17) XL:     8   Next: 69%
Gold:   191        EV: 16    Int:  7 (8)  God:    Wu Jian [**....] SH:  0 Dex: 28 (29)

rFire   + + .      SeeInvis .    a - +1 long sword
rCold   x . .      Faith    .    (no shield)
rNeg    . . .      Spirit   .    b - +0 leather armour
rPois   ∞          Reflect  .    c - +0 helmet
rElec   .          Harm     .    (no cloak)
rCorr   .          Rampage  .    h - +0 pair of gloves
Will    .....      Rage     3%   (boots unavailable)
Stlth   +++.......               w - amulet of the acrobat
HPRegen 0.29/turn                p - +6 ring of dexterity
MPRegen 0.00/turn                n - +6 ring of dexterity

@: on berserk cooldown, flying, slowed, very slow
A: sickness immunity, fire resistance 2, cold vulnerability 1, float, innate
caster, HP casting, extra vitality 1, berserk 1, deformed body, strong 1
a: Renounce Religion, Wall Jump


You were on level 4 of the Dungeon.
You worshipped Wu Jian.
Wu Jian was pleased with you.
You visited 1 branch of the dungeon, and saw 5 of its levels.

You collected 191 gold pieces.

Inventory:

Hand Weapons
 a - a +1 long sword (weapon)
 o - a +0 club
Missiles
 d - 6 throwing nets (quivered)
 e - 5 javelins
 l - 5 poisoned darts
Armour
 b - a +0 leather armour (worn)
 c - a +0 helmet (worn)
 h - a +0 pair of gloves (worn)
Jewellery
 k - a ring of poison resistance
 n - a +6 ring of dexterity (right hand)
 p - a +6 ring of dexterity (left hand)
 r - a ring of protection from fire
 w - an amulet of the acrobat (around neck)
 x - a ring of poison resistance
Wands
 v - a wand of charming (3)
Scrolls
 q - a scroll of teleportation
 t - a scroll of vulnerability {unknown}
 u - a scroll of identify
 y - a scroll of immolation
Potions
 f - a potion of flight
 g - a potion of lignification
 i - a potion of brilliance
 j - a potion of magic
 m - a potion of might
 s - a potion of heal wounds


   Skills:
 + Level 4.4 Fighting
 + Level 6.5 Long Blades
 + Level 1.5 Throwing
 + Level 3.2 Armour
 + Level 5.0 Dodging
 + Level 2.8 Stealth
 + Level 0.1 Spellcasting


You had one spell level left.
You knew the following spells:

 Your Spells              Type           Power      Damage    Failure   Level
a - Necrotise             Necr           0%         1d4       50%         1
b - Static Discharge      Conj/Air       0%         2-2/arc   63%         2
c - Tukima's Dance        Hex            0%         N/A       86%         3
Your spell library was empty.

Dungeon Overview and Level Annotations

Branches:
Dungeon (5/15)
 Temple: D:4-7

Altars:
Wu Jian

Annotations:
D:4 baljet's ghost, weakling MiFi


Innate Abilities, Weirdness & Mutations

You are immune to sickness and miasma.
You are immune to poison.
Your flesh is very heat resistant. (rF++)
You are vulnerable to cold. (rC-)
You float through the air rather than walking.
You learn spells naturally, not from books.
Your magical power is your life essence.
You have superior vitality. (+4 MHP)
You sometimes lose your temper in combat.
Armour fits poorly on your strangely shaped body.
Your muscles are strong. (Str +4, Int/Dex -1)


Message History

You slash kae's ghost!
Kae's ghost is moderately damaged.
Kae's ghost barely misses you.
You slash kae's ghost!
Kae's ghost is heavily damaged.
Kae's ghost barely misses you.
A red film seems to cover your vision as you go berserk!
You feel yourself moving faster!
You feel mighty!
You slash kae's ghost!
Kae's ghost is almost destroyed.
Kae's ghost hits you.
* * * LOW HITPOINT WARNING * * *
You slash kae's ghost!
You destroy kae's ghost!
The Council accepts your kill.
You feel your intelligence returning.
Your Dodging skill increases to level 5!
You feel a strong urge to attack something.
There is a stone staircase leading up here.
You feel your anger nearly subside.
You are no longer berserk.
You are exhausted.
You feel yourself slow down.
You fly upwards.
Level annotation: baljet's ghost, weakling MiFi Baljet's ghost whispers, "There is no future for you."
Baljet's ghost hits you.
* * * LOW HITPOINT WARNING * * *
Baljet's ghost closely misses you.
There is a stone staircase leading down here.
You hit baljet's ghost.
Baljet's ghost is lightly damaged.
Baljet's ghost barely misses you.
You closely miss baljet's ghost.
Baljet's ghost is lightly damaged.
Baljet's ghost hits you!
* * * LOW HITPOINT WARNING * * *
Baljet's ghost hits you but does no damage.
You slash baljet's ghost!
Baljet's ghost is severely damaged.
Baljet's ghost hits you!
You die...

...##.# #.#..#.........#.#####
.#.##.######...##.#######......#
.#.##..........##.....# #......#
.#.##.......#########.# #..)...#
.#.##.#####.# #......# #......##
###.....#...####.###..#####.###..
⌠♣####..#.####...# #..##....###.#
..#.......# ###.# #......####...
..#.....########@###......###....
..'.....#......W.##.....#.##.....
..'.....#..#..#####.###.#.##.....
..'.......##..#####.# #.#.###.##.
..#.....#.....##....# #.......##.
..#...#.#####.#####.#####.#######
⌠♣#.........#.#.......###.#~~~~~~
###.........#.........##..#~~~~~~
...)........###.......##.##..~~~.


You could see baljet's ghost.

Vanquished Creatures
  The ghost of gabibbone the Skirmisher, a novice TeHu (D:4)
  Sigmund (D:3)
  The ghost of kae the Changer, an amateur DrTm (D:5)
  2 black bears (D:4)
  A bullfrog (D:4)
  A necrophage (D:4)
  The ghost of DEFE the Shooter, a weakling DsHu of Jiyva (D:3)
  A hound (D:4)
  An orc priest (D:4)
  A jelly (D:4)
  An iguana (D:4)
  An orc wizard (D:4)
  Robin (D:3)
  3 gnolls (D:4)
  2 adders
  2 worms
  2 dart slugs
  9 orcs
  7 ball pythons
  10 endoplasms
  6 giant cockroaches
  11 goblins
  5 hobgoblins
  5 jackals
  3 quokkas
  9 bats
  3 frilled lizards
  8 kobolds
  3 rats
102 creatures vanquished.

Notes
Turn   | Place    | Note
-------+----------+-------------------------------------------
     0 | D:1      | Nodens the Djinni Gladiator began the quest for the Orb.
     0 | D:1      | Reached XP level 1. HP: 18/18 MP: 0/0
    72 | D:1      | Reached XP level 2. HP: 5/23 MP: 0/0
   137 | D:1      | Reached skill level 3 in Long Blades
   440 | D:1      | Reached XP level 3. HP: 28/28 MP: 0/0
   440 | D:1      | Learned a level 1 spell: Necrotise
   596 | D:1      | Found a faded altar of an unknown god.
   795 | D:2      | You are sucked into a shaft and drop 2 floors!
   801 | D:4      | Noticed a black bear
   953 | D:4      | Found an ornate altar of the Wu Jian Council.
   962 | D:4      | Became a worshipper of the Wu Jian Council
  1043 | D:4      | Reached XP level 4. HP: 31/33 MP: 0/0
  1048 | D:4      | Reached skill level 1 in Armour
  1084 | D:4      | Reached XP level 5. HP: 29/39 MP: 0/0
  1084 | D:4      | Learned a level 2 spell: Static Discharge
  1223 | D:4      | Found a runed translucent gate.
  1223 | D:4      | Found a runed translucent gate.
  1223 | D:4      | Found a runed translucent gate.
  1224 | D:4      | Noticed a black bear
  1232 | D:4      | Killed a black bear
  1233 | D:4      | Reached skill level 4 in Long Blades
  1233 | D:4      | Reached XP level 6. HP: 41/46 MP: 0/0
  1273 | D:4      | Reached * piety under Wu Jian
  1402 | D:4      | Reached XP level 7. HP: 37/51 MP: 0/0
  1402 | D:4      | Learned a level 3 spell: Tukima's Dance
  1540 | D:4      | Reached skill level 5 in Long Blades
  1545 | D:4      | Reached skill level 1 in Stealth
  1923 | D:4      | Noticed gabibbone's ghost (novice TeHu)
  1923 | D:4      | Noticed kae's ghost (amateur DrTm)
  1923 | D:4      | Noticed baljet's ghost (weakling MiFi)
  2071 | D:3      | Found a runed translucent door.
  2072 | D:3      | Noticed DEFE's ghost (weakling DsHu)
  2365 | D:3      | Noticed Sigmund
  2374 | D:3      | Killed Sigmund
  2375 | D:3      | Reached XP level 8. HP: 51/58 MP: 0/0
  2377 | D:3      | Gained mutation: Armour fits poorly on your strangely
                  | shaped body. [potion of mutation]
  2377 | D:3      | Gained mutation: You sometimes lose your temper in combat.
                  | [potion of mutation]
  2377 | D:3      | Gained mutation: Your muscles are strong. (Str +4, Int/Dex
                  | -1) [potion of mutation]
  2539 | D:3      | Noticed Robin
  2546 | D:3      | Reached ** piety under Wu Jian
  2555 | D:3      | Killed Robin
  3160 | D:3      | Killed DEFE's ghost
  3932 | D:4      | Killed gabibbone's ghost
  3933 | D:4      | Reached skill level 6 in Long Blades
  3943 | D:5      | Entered Level 5 of the Dungeon
  3952 | D:5      | Killed kae's ghost
  3953 | D:5      | Reached skill level 5 in Dodging
  3960 | D:4      | Slain by baljet's ghost

Illustrated notes

Levels and vault maps discovered:
D:1:      minmay_arrival_stone_box, layout_rooms,
          shapermc_ecumenical_altar_mp_vishouse, minivault_14, st_stairs_10
D:2:      layout_loops_ring
D:3:      layout_loops_corners, gammafunk_ghost_grave, roderic_serpentine_path,
          uniq_robin, uniq_sigmund
D:4:      cheibrodos_barr_body, layout_basic, nzn_wu_jian_contemplation,
          gammafunk_ghost_cemetery, kennysheep_small_circle
D:5:      layout_basic, nicolae_overflow_crystal_walls

Skill      XL: |  1  2  3  4  5  6  7  8 |
---------------+-------------------------+-----
Long Blades    | 3 4 5 6 |  6.5
Dodging        | 4 5 |  5.0
Armour         | 1 2 3 |  3.2
Fighting       | 3 4 |  4.4
Stealth        | 1 2 |  2.8
Throwing       | |  1.5
Spellcasting   | |  0.1

Action                   |  1- 3 |  4- 6 |  7- 9 || total
-------------------------+-------+-------+-------++-------
Melee: Long sword        |   111 |    58 |   157 ||   326
       Punch             |     1 |       |     2 ||     3
Invok: Lunge             |     1 |     6 |    17 ||    24
       Whirlwind         |       |       |     9 ||     9
  Use: Potion            |     2 |       |     8 ||    10
       Scroll            |     3 |     1 |     5 ||     9
 Stab: Distracted        |     1 |       |     2 ||     3
       Sleeping          |       |     1 |    11 ||    12
Armor: Leather armour    |    66 |     9 |    35 ||   110
Dodge: Dodged            |   105 |    52 |   107 ||   264

Table legend: (Time is in decaauts)
 A = Elapsed time spent in this place.
 B = Non-inter-level travel time spent in this place.
 C = Inter-level travel time spent in this place.
 D = Time resting spent in this place.
 E = Time spent auto-exploring this place.
 F = Levels seen in this place.
 G = Mean time per level.
                   A        B        C        D        E       F      G
               +--------+--------+--------+--------+--------+-----+--------+
         Total |   4031 |   3915 |    116 |      0 |   2286 |   5 |  806.2 |
       Dungeon |   4031 |   3915 |    116 |      0 |   2286 |   5 |  806.2 |
               +--------+--------+--------+--------+--------+-----+--------+

Top non-repeatable levels by time:
     D:3: 1377 daAuts
     D:4: 1263 daAuts
     D:1: 733 daAuts
     D:2: 644 daAuts
     D:5: 12 daAuts
